 Dungeon Crawl Stone Soup version 0.29-a0-582-ge82337ba6a (webtiles) character file.

Game seed: 4553238405906225327

346 zeratav the Cutter (level 6, 0/35 HPs)
             Began as a Kobold Gladiator on June 14, 2022.
             Slain by Ijyb
             ... wielding a +0 dagger
              (4 damage)
             ... on level 4 of the Dungeon.
             The game lasted 00:05:24 (4103 turns).

zeratav the Cutter (Kobold Gladiator)               Turns: 4103, Time: 00:05:25

Health: 0/35       AC:  5    Str: 11    XL:     6   Next: 90%
Magic:  6/6        EV: 15    Int: 10    God:
Gold:   157        SH:  0    Dex: 18    Spells: 5/5 levels left

rFire   . . .      SeeInvis .   w - +0 short sword (venom) {short}
rCold   . . .      Faith    .   (no shield)
rNeg    . . .      Spirit   .   b - +0 leather armour
rPois   .          Reflect  .   c - +0 helmet
rElec   .          Harm     .   (no cloak)
rCorr   .          Rampage  .   (no gloves)
Will    .....                   i - +0 pair of boots
Stlth   ++++......              (no amulet)
HPRegen 0.11/turn               (no ring)
MPRegen 0.10/turn               (no ring)

@: no status effects
A: small, no large weapons, nightstalker 3
a: no special abilities


You were on level 4 of the Dungeon.
You visited 1 branch of the dungeon, and saw 4 of its levels.
You also visited: Sewer.

You collected 157 gold pieces.


Innate Abilities, Weirdness & Mutations

You are small and have problems with some larger weapons.
You are completely attuned to the shadows.


   Skills:
 - Level 2.1 Fighting
 + Level 7.5 Short Blades
 - Level 2.1 Throwing
 - Level 3.6 Dodging
 - Level 6.0 Stealth


You had 5 spell levels left.
You didn't know any spells.
Your spell library contained the following spells:

 Spells                   Type           Power      Damage    Failure   Level
 Sting                    Tmut/Pois      0%         1d3       45%         1
 Poisonous Vapours        Pois/Air       0%         N/A       58%         2
 Olgreb's Toxic Radiance  Pois           0%         N/A       99%         4
 Conjure Ball Lightning   Conj/Air       0%         3x3d6     100%        6
 Discord                  Hex            0%         N/A       100%        8
 Disjunction              Tloc           0%         N/A       100%        8

Inventory:

Hand Weapons
 a - a +0 rapier {short}
 w - a +0 short sword of venom (weapon) {short}
   (You took it off a kobold on level 3 of the Dungeon)
Missiles
 d - 3 throwing nets (quivered) {=fthrowing}
 e - 2 boomerangs {throwing}
Armour
 b - a +0 leather armour (worn)
 c - a +0 helmet (worn)
 i - a +0 pair of boots (worn)
   (You found it on level 4 of the Dungeon)
 u - a +0 ring mail
   (You found it on level 2 of the Dungeon)
 x - a +0 pair of gloves
   (You found it on level 3 of the Dungeon)
 y - the +1 ring mail of Beastly Birdsong {Will+ Str+3}
   (You found it on level 3 of the Dungeon)

   Str:       It affects your strength (+3).
   Will:      It increases your willpower.
Scrolls
 g - 5 scrolls of teleportation {unknown}
 j - a scroll of fear {unknown}
 k - 2 scrolls of summoning {unknown}
 m - 4 scrolls of identify {unknown}
 n - a scroll of enchant armour {unknown}
 o - 3 scrolls of fog {unknown}
 p - 2 scrolls of enchant weapon {unknown}
 q - 3 scrolls of immolation {unknown}
 r - a scroll of poison {unknown}
Potions
 f - a potion of brilliance {unknown}
 h - a potion of flight {unknown}
 l - a potion of heal wounds {unknown}
 s - a potion of curing {unknown}
 t - 2 potions of attraction {unknown}
 v - a potion of berserk rage {unknown}
 z - a potion of might {unknown}
 A - a potion of ambrosia {unknown}

Dungeon Overview and Level Annotations

Branches:
Dungeon (4/15)              Sewer (visited)
 Temple: D:4-7

Altars:
Qazlal

Annotations:
D:4 Ijyb

#.# #.. ... #.#
#.# # #.# # #.#
#.##@##.# #.#
#....gS.. ##'##
####.#### ##...##
#....# ##.....#
####.### ##.......
#.....###........
.........'........
#......###........
#......# ##.......


You could see Ijyb (extremely poisoned) and an adder.


Message History

No target in view!
No target in view!
No target in view!
No target in view!
No target in view!
No target in view!
You see here a ball python corpse.
You now have 151 gold pieces (gained 13).
You open the door.
There is an open door here.
You open the door.
There is an open door here.
You now have 157 gold pieces (gained 6).
An orc comes into view. It is wielding a +0 whip of holy wrath.
An orc is nearby!
Ijyb and a giant cockroach come into view.
Ijyb is wielding a +0 dagger and carrying a wand of charming (9).
A hound comes into view.
Ijyb shouts!
You hear an angry hiss.
The hound barks!
The orc hits you with a +0 whip of holy wrath.
The hound barely misses you.
HP[-2]
You take 2 damage, and now have 33/35 hp.
You hit the orc.
The orc is poisoned.
An adder comes into view.
The hound barely misses you.
The adder hisses angrily.
You hit the orc.
The orc looks as sick as possible!
The hound bites you.
HP[-2]
You take 2 damage, and now have 31/35 hp.
You barely miss the hound. The orc hits you but does no damage.
The hound bites you.
HP[-4]
You take 4 damage, and now have 27/35 hp.
You hit the hound.
The hound is poisoned.
You kill the orc!
The hound bites you.
HP[-2]
You take 2 damage, and now have 25/35 hp.
You completely miss Ijyb. The hound misses you. Ijyb hits you with a +0 dagger.
HP[-1]
You take 1 damage, and now have 24/35 hp.
You miss Ijyb. The hound barely misses you.
You barely miss Ijyb. The hound barely misses you. Ijyb completely misses you.
The hound bites you.
HP[-4]
You take 4 damage, and now have 20/35 hp.
You barely miss Ijyb. Ijyb misses you. The hound bites you.
HP[-1]
You take 1 damage, and now have 19/35 hp.
You closely miss Ijyb. The hound barely misses you.
Ijyb zaps a wand.
You resist with some effort.
You miss Ijyb. The hound completely misses you.
You closely miss Ijyb. Ijyb hits you but does no damage. The hound bites you.
* * * LOW HITPOINT WARNING * * *
HP[-4]
You take 4 damage, and now have 15/35 hp.
You hit Ijyb.
Ijyb is poisoned.
Your punch misses Ijyb. The hound bites you but does no damage.
Ijyb zaps a wand.
You resist with some effort.
You closely miss Ijyb. The hound bites you.
* * * LOW HITPOINT WARNING * * *
Ijyb completely misses you.
HP[-1]
You take 1 damage, and now have 14/35 hp.
You hit Ijyb.
Ijyb looks as sick as possible!
You punch Ijyb, but do no damage. The hound closely misses you.
You hit Ijyb but do no damage.
Ijyb looks as sick as possible!
The hound barely misses you. Ijyb hits you but does no damage.
The hound bites you.
* * * LOW HITPOINT WARNING * * *
HP[-5]
You take 5 damage, and now have 9/35 hp.
You miss the hound. Ijyb misses you. The hound bites you but does no damage.
HP[+1] Unknown command.
You hit the hound.
The hound looks as sick as possible!
The hound closely misses you. Ijyb hits you with a +0 dagger.
* * * LOW HITPOINT WARNING * * *
HP[-2]
You take 2 damage, and now have 8/35 hp.
You hit the hound but do no damage. The hound completely misses you.
You closely miss the hound. Ijyb hits you with a +0 dagger.
* * * LOW HITPOINT WARNING * * *
The hound closely misses you.
HP[-2]
You take 2 damage, and now have 6/35 hp.
You hit the hound.
You kill the hound!
Ijyb misses you.
You hit Ijyb but do no damage.
Ijyb looks as sick as possible!
You hit Ijyb but do no damage.
Ijyb looks as sick as possible!
Ijyb hits you with a +0 dagger.
* * * LOW HITPOINT WARNING * * *
HP[-2]
You take 2 damage, and now have 4/35 hp.
You closely miss Ijyb. Ijyb hits you with a +0 dagger.
You die...

Skill      XL: |  1  2  3  4  5  6 |
---------------+-------------------+-----
Stealth        | 1 2 3 4 5 6 |  6.0
Short Blades   | 5 6 7 |  7.5
Fighting       | |  2.1
Throwing       | |  2.1
Dodging        | |  3.6

Action                   |  1- 3 |  4- 6 || total
-------------------------+-------+-------++-------
Melee: Rapier            |    85 |   136 ||   221
       Quarterstaff      |       |     4 ||     4
       Short sword       |       |    36 ||    36
       Punch             |       |     1 ||     1
 Stab: Sleeping          |     8 |    26 ||    34
Armor: Leather armour    |    18 |    31 ||    49
Dodge: Dodged            |    63 |   119 ||   182

Levels and vault maps discovered:
D:1:      dpeg_arrival_lava_altar, layout_basic
D:2:      layout_basic, ebering_ecumenical_altar_sacrificial, uniq_natasha
D:3:      layout_rooms, nicolae_qazlal_style_of_elements,
          gup_sewer_entry_bubbles
D:4:      layout_loops_corners, uniq_ijyb

Notes
Turn   | Place    | Note
-------+----------+-------------------------------------------
     0 | D:1      | zeratav the Kobold Gladiator began the quest for the Orb.
     0 | D:1      | Reached XP level 1. HP: 12/12 MP: 1/1
     0 | D:1      | magus.rc [v1.9.6]
   231 | D:1      | Reached skill level 1 in Stealth
   372 | D:1      | Reached XP level 2. HP: 17/17 MP: 2/2
   378 | D:1      | You pick up a book of Chaos and begin reading...
   378 | D:1      | You add the spells Conjure Ball Lightning, Disjunction and
                  | Discord to your library.
   581 | D:1      | Reached skill level 2 in Stealth
  1004 | D:2      | You fall into a shaft and drop 2 floors!
  1067 | D:3      | You add the spells Sting, Poisonous Vapours and Olgreb's
                  | Toxic Radiance to your library.
  1083 | D:3      | Reached XP level 3. HP: 20/21 MP: 3/3
  1233 | D:3      | Reached skill level 5 in Short Blades
  1243 | D:3      | Reached skill level 3 in Stealth
  1264 | D:3      | Reached XP level 4. HP: 18/26 MP: 4/4
  1319 | D:3      | Found a glowing drain.
  1430 | Sewer    | Entered a sewer
  1550 | Sewer    | Reached skill level 4 in Stealth
  1697 | Sewer    | Reached XP level 5. HP: 23/30 MP: 5/5
  2034 | D:3      | Reached skill level 6 in Short Blades
  2179 | D:2      | Noticed Natasha
  2189 | D:2      | Killed Natasha
  2190 | D:2      | Reached skill level 5 in Stealth
  2299 | D:2      | Reached XP level 6. HP: 35/35 MP: 6/6
  2573 | D:2      | Noticed Natasha
  2585 | D:2      | Killed Natasha
  2845 | D:2      | Noticed Natasha
  2855 | D:2      | Killed Natasha
  2947 | D:2      | Reached skill level 7 in Short Blades
  2947 | D:2      | Reached skill level 6 in Stealth
  3010 | D:2      | Found a faded altar of an unknown god.
  3531 | D:3      | Noticed an air elemental
  3531 | D:3      | Noticed a water elemental
  3532 | D:3      | Found a stormy altar of Qazlal.
  3535 | D:3      | Noticed a fire elemental
  3890 | D:3      | Identified the +1 ring mail of Beastly Birdsong {Will+
                  | Str+3}
  4078 | D:4      | Noticed Ijyb
  4097 | D:4      | HP: 8/35 [Ijyb/+0 dagger (2)]
  4102 | D:4      | HP: 4/35 [Ijyb/+0 dagger (2)]
  4103 | D:4      | Slain by Ijyb

Vanquished Creatures
  2 hounds
  Natasha (thrice) (D:2)
  7 adders
  3 gnolls (D:2)
  3 river rats
  3 worms (D:3)
  A dart slug (D:3)
  2 orcs
  5 endoplasms
  3 giant cockroaches
  8 goblins
  4 hobgoblins
  4 jackals (D:1)
  6 quokkas
  4 ball pythons
  9 bats
  8 frilled lizards
  6 kobolds
  7 rats
88 creatures vanquished.

Table legend:
 A = Non-vault XP
 B = Vault XP
 C = Vault XP percentage of total XP
 D = Non-vault monster count
 E = Vault monster count
 F = Vault count percentage of total count
                 A         B        C        D         E       F
            +---------+---------+-------+---------+---------+-------
      Total |     333 |     162 |  32.7 |      67 |      21 |  23.9
            +---------+---------+-------+---------+---------+-------
        D:1 |      28 |       0 |   0.0 |      16 |       0 |   0.0
        D:2 |     176 |      36 |  17.0 |      30 |       1 |   3.2
        D:3 |      79 |      36 |  31.3 |      17 |       5 |  22.7
        D:4 |      50 |       0 |   0.0 |       4 |       0 |   0.0
      Sewer |       0 |      90 | 100.0 |       0 |      15 | 100.0
            +---------+---------+-------+---------+---------+-------

Illustrated notes

Table legend:
 A = Kills in this place as a percentage of kills in entire the game.
 B = Kills by you in this place as a percentage of kills by you in the entire game.
 C = Kills by friends in this place as a percentage of kills by friends in the entire game.
 D = Other kills in this place as a percentage of other kills in the entire game.
 E = Experience gained in this place as a percentage of experience gained in the entire game.
 F = Experience gained in this place divided by the number of levels of this place that you have seen.
                   A       B       C       D       E      F
               +-------+-------+-------+-------+-------+----------------------
         Total | 100.0 | 100.0 |   N/A |   N/A | 100.0 |  99.0
       Dungeon |  83.0 |  83.0 |   N/A |   N/A |  81.8 | 101.2
         Sewer |  17.0 |  17.0 |   N/A |   N/A |  18.2 |  90.0
               +-------+-------+-------+-------+-------+----------------------

Table legend: (Time is in decaauts)
 A = Elapsed time spent in this place.
 B = Non-inter-level travel time spent in this place.
 C = Inter-level travel time spent in this place.
 D = Time resting spent in this place.
 E = Time spent auto-exploring this place.
 F = Levels seen in this place.
 G = Mean time per level.
                   A        B        C        D        E       F      G
               +--------+--------+--------+--------+--------+-----+--------+
         Total |   4168 |   4100 |     68 |    718 |   2679 |   5 |  833.6 |
       Dungeon |   3563 |   3495 |     68 |    622 |   2308 |   4 |  890.8 |
         Sewer |    604 |    604 |      0 |     96 |    371 |   1 |  604.0 |
               +--------+--------+--------+--------+--------+-----+--------+

Top non-repeatable levels by time:
     D:2: 1385 daAuts
     D:3: 1012 daAuts
     D:1: 1005 daAuts
   Sewer: 604 daAuts
     D:4: 160 daAuts
